[Event "Titled Tuesday Blitz August 08 Early 2023"]
[White "LangesNasenhaar"]
[Black "Harriott, Tyrell"]
[BlackFideId "2086484"]
[WhiteElo "2554"]
[BlackElo "2427"]
[Result "0-1"]
[Round "11"]
[TimeControl "180+1"]
[Date "2023.08.08"]
[WhiteClock "0:00:02"]
[BlackClock "0:00:22"]
[Board "86"]

1. d4 e6 2. Nc3 d5 3. Bf4 Bd6 4. e3 Ne7 5. Qf3 Ng6 6. Bg3 O-O 7. Bd3 f5 8. h4 f4 9. exf4 Nxf4 10. Bxf4 Bxf4 11. Qh5 g6 12. Qe2 Nc6 13. Nf3 Qf6 14. O-O Nxd4 15. Nxd4 Qxd4 16. h5 Kg7 17. Nb5 Qxb2 18. hxg6 hxg6 19. g3 Bd6 20. Kg2 Qf6 21. Rh1 e5 22. Rh4 e4 23. Rah1 exd3 24. Rh7+ Kg8 25. Rh8+ Qxh8 26. Rxh8+ Kxh8 27. Qxd3 Bf5 28. Qd4+ Kg8 29. Qxd5+ Rf7 30. g4 Bxg4 31. Kg1 Rd8 32. Qg5 Be7 33. Qxg4 c6 34. Nc3 Bf6 35. Ne4 Be7 36. Kf1 Kg7 37. Qe6 Rdf8 38. Qe5+ Bf6 39. Qe6 Bc3 40. Kg2 Bd4 41. Qg4 Bxf2 42. Qf5 0-1


[Site "https://www.chess.com"]

[Event "Titled Tuesday Blitz August 08 Early 2023"]
[White "Cheer_Down"]
[Black "Camilla_Lee"]
[WhiteElo "2422"]
[BlackElo "2549"]
[Result "1-0"]
[Round "11"]
[TimeControl "180+1"]
[Date "2023.08.08"]
[WhiteClock "0:01:49"]
[BlackClock "0:02:06"]
[Board "87"]

1. e4 e5 2. Nf3 Nc6 3. Bc4 Nf6 4. d3 Be7 5. O-O d6 6. a4 Bg4 7. a5 Qd7 8. a6 b6 9. c3 Nb8 10. Nbd2 c6 11. Re1 b5 12. Bb3 Qc8 13. Nf1 O-O 14. Ng3 Nxa6 15. d4 Bxf3 16. Qxf3 c5 17. Nf5 c4 18. Nxe7+ 1-0


[Site "https://www.chess.com"]

[Event "Titled Tuesday Blitz August 08 Early 2023"]
[White "Llanos, Guillermo"]
[Black "Parpiev, Isaak"]
[WhiteFideId "100358"]
[BlackFideId "34281576"]
[WhiteElo "2418"]
[BlackElo "2535"]
[Result "0-1"]
[Round "11"]
[TimeControl "180+1"]
[Date "2023.08.08"]
[WhiteClock "0:00:00"]
[BlackClock "0:00:03"]
[Board "88"]

1. b3 Nf6 2. Bb2 d5 3. Nf3 c5 4. e3 a6 5. c4 e6 6. Nc3 Nc6 7. cxd5 exd5 8. d4 Bg4 9. Be2 Bxf3 10. Bxf3 cxd4 11. exd4 Bb4 12. O-O O-O 13. Qd3 Re8 14. Rac1 Bxc3 15. Bxc3 Ne4 16. Rfe1 Qg5 17. Bxe4 Rxe4 18. f3 Ree8 19. Bd2 Qf6 20. Be3 h6 21. Bf2 Rac8 22. Qd2 Qf5 23. Rxe8+ Rxe8 24. Kf1 Qg6 25. g4 Qf6 26. Kg2 g5 27. Rc5 Qd6 28. Be3 Qe6 29. Bf2 Ne7 30. Bg3 Ng6 31. Rc2 f5 32. h3 fxg4 33. hxg4 Re7 34. Qd3 Rf7 35. Re2 Qd7 36. Qe3 Re7 37. Qd3 Rxe2+ 38. Qxe2 Qe7 39. Qxe7 Nxe7 40. f4 Kf7 41. f5 h5 42. Kf3 h4 43. Bd6 Nc6 44. Bc5 Nb8 45. Bd6 Nd7 46. Be5 Nb6 47. a4 Nd7 48. Bd6 Nf6 49. Be5 Ne4 50. b4 Nd2+ 51. Kg2 Nc4 0-1


[Site "https://www.chess.com"]

[Event "Titled Tuesday Blitz August 08 Early 2023"]
[White "Begunov, Konstantin"]
[Black "Tikhonov, Viacheslav"]
[WhiteFideId "4118510"]
[BlackFideId "44196407"]
[WhiteElo "2414"]
[BlackElo "2527"]
[Result "1-0"]
[Round "11"]
[TimeControl "180+1"]
[Date "2023.08.08"]
[WhiteClock "0:00:45"]
[BlackClock "0:00:11"]
[Board "89"]

1. d4 d5 2. c4 e6 3. Nc3 Nf6 4. cxd5 exd5 5. Bg5 c6 6. e3 h6 7. Bh4 Be7 8. Qc2 O-O 9. Nf3 Nbd7 10. Bd3 Re8 11. O-O Ne4 12. Bxe4 Bxh4 13. Bh7+ Kh8 14. Bf5 Bf6 15. b4 b5 16. a4 Nb6 17. axb5 cxb5 18. Nxb5 Bxf5 19. Qxf5 Qe7 20. Rfb1 Rec8 21. Ne1 Rc4 22. Nd3 g6 23. Qh3 Kg7 24. Nc5 h5 25. Qf3 h4 26. h3 Qe8 27. Nd6 Qd8 28. Nxc4 Nxc4 29. Ra2 Qd6 30. Ra6 Qe7 31. Rba1 Bg5 32. Qxd5 Nxe3 33. fxe3 Qxe3+ 34. Kh1 Rd8 35. Qe5+ Qxe5 36. dxe5 Rd4 37. e6 Kg8 38. Rxa7 fxe6 39. Nxe6 Rd5 40. Nxg5 Rxg5 41. Rb7 1-0


[Site "https://www.chess.com"]

[Event "Titled Tuesday Blitz August 08 Early 2023"]
[White "Domingo Nunez, Alejandro"]
[Black "Bueno, Alfeu Junior Varela"]
[WhiteFideId "22245561"]
[BlackFideId "2108879"]
[WhiteElo "2523"]
[BlackElo "2413"]
[Result "1-0"]
[Round "11"]
[TimeControl "180+1"]
[Date "2023.08.08"]
[WhiteClock "0:01:05"]
[BlackClock "0:00:22"]
[Board "90"]

1. Nf3 e6 2. e4 d5 3. Nc3 Nf6 4. e5 Nfd7 5. d4 c5 6. dxc5 Nc6 7. Bf4 Bxc5 8. Bd3 f6 9. exf6 Qxf6 10. Bg3 Bb4 11. O-O Bxc3 12. bxc3 Qxc3 13. Ng5 Nf6 14. Nxh7 Nxh7 15. Qh5+ Kd7 16. Bxh7 g6 17. Qxg6 Ne7 18. Qf7 1-0


[Site "https://www.chess.com"]

[Event "Titled Tuesday Blitz August 08 Early 2023"]
[White "reevecanada"]
[Black "Chudnovsky, Jacob"]
[BlackFideId "2010046"]
[WhiteElo "2523"]
[BlackElo "2407"]
[Result "1-0"]
[Round "11"]
[TimeControl "180+1"]
[Date "2023.08.08"]
[WhiteClock "0:02:10"]
[BlackClock "0:01:37"]
[Board "91"]

1. e4 e5 2. Nf3 Nc6 3. d4 exd4 4. Nxd4 Bc5 5. Nb3 Bb6 6. Nc3 Nf6 7. Qe2 d6 8. Be3 Qe7 9. f3 Be6 10. O-O-O O-O-O 11. Bxb6 axb6 12. Qb5 Nd7 13. Qa4 Nc5 14. Nxc5 bxc5 15. Bb5 Nb8 16. Qa7 c6 17. Ba4 Qc7 18. e5 d5 19. f4 b6 20. Qxc7+ Kxc7 21. a3 b5 22. Bb3 c4 23. Ba2 Na6 24. Ne2 c5 25. c3 b4 26. axb4 cxb4 27. Nd4 Nc5 28. cxb4 Nd3+ 29. Rxd3 cxd3 30. f5 Bd7 31. Kd2 Rb8 32. Rc1+ Kd8 33. b5 Bxb5 34. Bxd5 Rc8 35. Rxc8+ Kxc8 36. Nxb5 Rd8 37. Bxf7 Kb7 38. e6 1-0


[Site "https://www.chess.com"]

[Event "Titled Tuesday Blitz August 08 Early 2023"]
[White "Legenia, Artem"]
[Black "Berezin, Viktor"]
[WhiteFideId "14136945"]
[BlackFideId "14107872"]
[WhiteElo "2406"]
[BlackElo "2517"]
[Result "1-0"]
[Round "11"]
[TimeControl "180+1"]
[Date "2023.08.08"]
[WhiteClock "0:00:45"]
[BlackClock "0:00:02"]
[Board "92"]

1. b4 e5 2. a3 d6 3. Bb2 g6 4. e3 Bg7 5. Nf3 Nf6 6. Be2 O-O 7. c4 a5 8. O-O Na6 9. b5 Nc5 10. Nc3 e4 11. Nd4 h5 12. d3 exd3 13. Bxd3 Re8 14. a4 Ng4 15. h3 Ne5 16. Be2 Qg5 17. Kh2 Qd8 18. Nd5 Ne4 19. Rc1 Bd7 20. b6 cxb6 21. Ba3 Nc6 22. Nb5 Qg5 23. Qe1 Rad8 24. f4 Qf5 25. Bf3 h4 26. Bxe4 Qxe4 27. Nxd6 Qd3 28. Nxe8 Rxe8 29. Bd6 Bf5 30. Rd1 Qxc4 31. Nxb6 Qb3 32. Nd5 Kh8 33. Qxh4+ Kg8 34. Nf6+ Bxf6 35. Qxf6 Rxe3 36. Rde1 Rxh3+ 37. Kg1 Qb6+ 38. Rf2 Re3 39. Rd1 Re6 40. Qh4 Nd4 41. Be5 Ne2+ 42. Kf1 Re8 43. Qh8# 1-0


[Site "https://www.chess.com"]

[Event "Titled Tuesday Blitz August 08 Early 2023"]
[White "Martin Barcelo, Carles"]
[Black "Luong Phuong Hanh"]
[WhiteFideId "24561444"]
[BlackFideId "12401013"]
[WhiteElo "2516"]
[BlackElo "2399"]
[Result "0-1"]
[Round "11"]
[TimeControl "180+1"]
[Date "2023.08.08"]
[WhiteClock "0:00:14"]
[BlackClock "0:01:30"]
[Board "93"]

1. e4 c5 2. Nf3 e6 3. d3 Nc6 4. g3 d5 5. Qe2 dxe4 6. dxe4 Nf6 7. Bg2 e5 8. c3 Be7 9. O-O O-O 10. a4 b6 11. Na3 Bb7 12. Nc4 Qc7 13. Bg5 h6 14. Bxf6 Bxf6 15. Ne3 Ne7 16. Nd2 Rad8 17. Rfd1 Rd7 18. Ndc4 Rfd8 19. Rxd7 Rxd7 20. Rd1 Qd8 21. Rxd7 Qxd7 22. Ng4 Qe6 23. Bh3 Kh8 24. Qd3 Ng8 25. Qd6 Qxc4 26. Nxf6 gxf6 27. Bf5 Bxe4 28. b3 Qe2 29. Bxe4 Qe1+ 30. Kg2 Qxe4+ 31. Kg1 Qb1+ 32. Kg2 Qxb3 33. Qf8 Qd5+ 34. Kg1 Qd7 35. h4 Qxa4 36. Qxf7 Qa1+ 37. Kg2 Qxc3 38. g4 Qd4 39. f3 Qd2+ 40. Kh3 Qf4 41. Qg6 Qxf3+ 42. Kh2 Qf4+ 43. Kg2 e4 44. g5 fxg5 45. h5 e3 46. Qd3 Qd4 47. Qf1 Qg4+ 48. Kh2 Qxh5+ 49. Kg2 Qg4+ 50. Kh1 Qh4+ 51. Kg2 Qf2+ 0-1


[Site "https://www.chess.com"]

[Event "Titled Tuesday Blitz August 08 Early 2023"]
[White "dr_tatiana"]
[Black "Ansh M Shah"]
[BlackFideId "25033379"]
[WhiteElo "2395"]
[BlackElo "2516"]
[Result "0-1"]
[Round "11"]
[TimeControl "180+1"]
[Date "2023.08.08"]
[WhiteClock "0:00:00"]
[BlackClock "0:00:04"]
[Board "94"]

1. e4 c5 2. Nc3 Nc6 3. d3 g6 4. g3 Bg7 5. Bg2 d6 6. f4 Nf6 7. Nf3 O-O 8. O-O Bg4 9. Be3 Nd4 10. Bxd4 cxd4 11. Ne2 e5 12. fxe5 dxe5 13. Nxe5 Qb6 14. Nc4 Qc7 15. Qd2 b5 16. e5 Nh5 17. Nd6 Rab8 18. Nxd4 Bxe5 19. N6xb5 Qc5 20. c3 Rxb5 21. Qf2 Bxd4 22. cxd4 Qb4 23. h3 Be6 24. g4 Ng7 25. b3 Rd8 26. d5 Rbxd5 27. Bxd5 Bxd5 28. Rac1 Rf8 29. Qxa7 Ne6 30. Rf2 Qd6 31. Qe3 Ba8 32. Rcf1 Qd5 33. Kh2 Nd4 34. Qe4 Qd6+ 35. Qf4 Qd7 36. Qf6 Qc7+ 37. Qf4 Qd7 38. h4 Qd8 39. Kg3 Ne6 40. Qe3 Qd6+ 41. Kh3 Qd7 42. h5 Qd5 43. h6 Ng5+ 44. Kg3 Ne6 45. Kh3 Qd6 46. Kh4 Qe7+ 47. Kg3 Qc7+ 48. Kh3 Qd6 49. Kh4 Qd8+ 50. Kg3 f5 51. gxf5 Qc7+ 52. Kh3 gxf5 53. Rxf5 Rxf5 54. Rxf5 Qd7 55. Qg1+ Kh8 56. Qg7+ Nxg7 0-1


[Site "https://www.chess.com"]

[Event "Titled Tuesday Blitz August 08 Early 2023"]
[White "Lehtosaari, Mauri"]
[Black "Topalov, Aleksandar"]
[WhiteFideId "501999"]
[BlackFideId "925659"]
[WhiteElo "2516"]
[BlackElo "2374"]
[Result "1-0"]
[Round "11"]
[TimeControl "180+1"]
[Date "2023.08.08"]
[WhiteClock "0:00:12"]
[BlackClock "0:00:00"]
[Board "95"]

1. d4 e6 2. Nf3 f5 3. Bf4 Nf6 4. e3 b6 5. Be2 Bb7 6. O-O Be7 7. h3 O-O 8. c4 Ne4 9. Nc3 Nxc3 10. bxc3 d6 11. Bh2 Nd7 12. Qb3 Rf6 13. Bg3 Rg6 14. Ne1 Bh4 15. Bf4 e5 16. c5+ Kh8 17. Bh2 Qg5 18. c6 Bxc6 19. Nf3 Bxf3 20. Bxf3 e4 21. Bf4 Qe7 22. Be2 Bg5 23. Kh2 Bxf4+ 24. exf4 Rf6 25. Rae1 Rff8 26. g3 Nf6 27. Bd1 d5 28. c4 c5 29. cxd5 cxd4 30. Qb2 Qc5 31. Bb3 Nxd5 32. Rc1 Qb4 33. a3 Qb5 34. Rfd1 Nc3 35. Rxd4 Ne2 36. Rb4 Qa6 37. Re1 1-0


[Site "https://www.chess.com"]

[Event "Titled Tuesday Blitz August 08 Early 2023"]
[White "Nemec, Jachym"]
[Black "GaiozNigalidze"]
[WhiteFideId "23716525"]
[WhiteElo "2510"]
[BlackElo "2378"]
[Result "0-1"]
[Round "11"]
[TimeControl "180+1"]
[Date "2023.08.08"]
[WhiteClock "0:00:07"]
[BlackClock "0:00:09"]
[Board "96"]

1. c4 Nf6 2. Nc3 e6 3. e4 Nc6 4. Nf3 Bb4 5. e5 Bxc3 6. bxc3 Ng8 7. d4 d6 8. exd6 cxd6 9. Bd3 Nf6 10. O-O h6 11. Qe2 Qa5 12. a4 O-O 13. Ba3 Rd8 14. Rfc1 Qh5 15. c5 dxc5 16. Bxc5 b6 17. Ba3 Bb7 18. Re1 Rac8 19. Rac1 Rc7 20. Bb2 Nd5 21. Qe4 Nf6 22. Qf4 Rcc8 23. Ba3 Nd5 24. Qg3 Nf6 25. Nd2 Qg5 26. Qxg5 hxg5 27. Nb3 Nd5 28. Bb2 Nf4 29. Bf1 Ne7 30. g3 Nfd5 31. c4 Nf6 32. d5 Nf5 33. dxe6 fxe6 34. Rxe6 Kf7 35. Rce1 Rc7 36. R6e5 Nd6 37. c5 bxc5 38. Nxc5 Bd5 39. Ne6 Bxe6 40. Rxe6 Nde8 41. R6e5 g4 42. Ra5 Rd2 43. Ba1 Kg6 44. Bg2 Nd6 45. Be5 Rd7 46. Bf4 Rd3 47. Bf1 Rd4 48. Rae5 Nf5 49. Bb5 Rd8 50. Re6 Rd1 51. Be8+ Kh7 52. Bb5 Kg6 53. Bf1 Rxe1 54. Rxe1 Nd4 55. Bd3+ Kf7 56. Rd1 Ke7 57. Kg2 Nf3 58. Be3 Ne5 59. Bc5+ Ke6 60. Bc4+ Nd5 61. Re1 Kf5 62. Rd1 Nxc4 63. Bd4 g6 64. Rb1 Rd7 65. Rb5 Nb6 66. a5 Nc4 67. Rc5 Ne5 68. Ba1 Nd3 69. Rb5 Ne1+ 70. Kf1 Nf3 71. a6 Nxh2+ 72. Kg2 Nf3 73. Rb7 Ke6 74. Bh8 Ng5 75. Bd4 Ne4 76. Bxa7 Nd6 77. Rb6 Rxa7 78. Rb1 Rxa6 0-1


[Site "https://www.chess.com"]

[Event "Titled Tuesday Blitz August 08 Early 2023"]
[White "NicolaiMaxime"]
[Black "Amanov, Zhanibek"]
[BlackFideId "13700189"]
[WhiteElo "2502"]
[BlackElo "2369"]
[Result "1-0"]
[Round "11"]
[TimeControl "180+1"]
[Date "2023.08.08"]
[WhiteClock "0:01:28"]
[BlackClock "0:00:18"]
[Board "97"]

1. e4 c5 2. b3 Nc6 3. Bb2 e6 4. Nc3 Nf6 5. Bb5 d5 6. exd5 Nxd5 7. Bxc6+ bxc6 8. Nf3 Ba6 9. d3 Be7 10. Ne4 Nf6 11. Nxf6+ Bxf6 12. Bxf6 Qxf6 13. O-O O-O 14. Qd2 Bb7 15. Qe3 Qf5 16. Qe5 Qxe5 17. Nxe5 Rfd8 18. Rae1 a5 19. a4 f6 20. Nc4 Kf7 21. Re3 Ba6 22. Nxa5 Bxd3 23. Nxc6 Bxf1 24. Nxd8+ Rxd8 25. Kxf1 e5 26. Rc3 Rc8 27. b4 c4 28. b5 Ke6 29. Ra3 Kd6 30. a5 Kc5 31. b6 Kc6 32. Ke2 Kb7 33. Kd2 Rc5 34. a6+ Ka8 35. Kc3 Rd5 36. Kxc4 Rd2 37. Rd3 Rxc2+ 38. Kb3 1-0


[Site "https://www.chess.com"]

[Event "Titled Tuesday Blitz August 08 Early 2023"]
[White "Liu, Casper"]
[Black "MarijaKuznecova"]
[WhiteFideId "1454153"]
[WhiteElo "2496"]
[BlackElo "2364"]
[Result "1-0"]
[Round "11"]
[TimeControl "180+1"]
[Date "2023.08.08"]
[WhiteClock "0:00:57"]
[BlackClock "0:00:16"]
[Board "98"]

1. e4 c5 2. d4 cxd4 3. Qxd4 Nc6 4. Qe3 g6 5. Nc3 Bg7 6. Bd2 e6 7. O-O-O Nge7 8. h4 h5 9. Nf3 O-O 10. Be2 d5 11. exd5 exd5 12. Nb5 Nf5 13. Qa3 a6 14. Bf4 Qf6 15. Bg5 Qxb2+ 16. Qxb2 Bxb2+ 17. Kxb2 axb5 18. Bxb5 Be6 19. Bf6 Ra5 20. a4 Na7 21. Bc3 Rxb5+ 22. axb5 Nxb5 23. Bb4 Rc8 24. Ng5 Nbd6 25. Nxe6 Nc4+ 26. Kb3 fxe6 27. Rhe1 Kf7 28. c3 Ne7 29. Bxe7 Kxe7 30. Rxd5 Na5+ 31. Rxa5 1-0


[Site "https://www.chess.com"]

[Event "Titled Tuesday Blitz August 08 Early 2023"]
[White "Mmukka"]
[Black "rikchessmx"]
[WhiteElo "2490"]
[BlackElo "2358"]
[Result "1-0"]
[Round "11"]
[TimeControl "180+1"]
[Date "2023.08.08"]
[WhiteClock "0:02:06"]
[BlackClock "0:00:00"]
[Board "99"]

1. e4 c5 2. Nf3 e6 3. d4 cxd4 4. Nxd4 a6 5. Nc3 Qc7 6. Bd3 Nf6 7. Be3 Bb4 8. Ne2 d5 9. exd5 Nxd5 10. Bd2 Nf4 11. Bxf4 Bxc3+ 12. bxc3 e5 13. Bg3 O-O 14. O-O f5 15. f3 Nc6 16. Bc4+ Kh8 17. Bb3 b5 18. f4 e4 19. Nd4 Na5 20. Qd2 1-0


[Site "https://www.chess.com"]

[Event "Titled Tuesday Blitz August 08 Early 2023"]
[White "Kuznetsov, Mikhail"]
[Black "Valle Maytin, Luis Enrique"]
[WhiteFideId "4117190"]
[BlackFideId "3503666"]
[WhiteElo "2488"]
[BlackElo "2345"]
[Result "1-0"]
[Round "11"]
[TimeControl "180+1"]
[Date "2023.08.08"]
[WhiteClock "0:00:11"]
[BlackClock "0:00:00"]
[Board "100"]

1. Nf3 d5 2. g3 Nf6 3. Bg2 e6 4. O-O Be7 5. d4 O-O 6. c4 Nbd7 7. Qc2 c6 8. Nbd2 Re8 9. e4 dxe4 10. Nxe4 Nxe4 11. Qxe4 Nf6 12. Qe2 a6 13. Rd1 Bd7 14. b3 Qa5 15. Bd2 Bb4 16. Bxb4 Qxb4 17. Ne5 Rad8 18. Nd3 Qd6 19. Qe5 Qxe5 20. dxe5 Ng4 21. h3 Nh6 22. Nc5 Bc8 23. g4 Kf8 24. Be4 g6 25. f4 Ke7 26. Kf2 Rxd1 27. Rxd1 Rd8 28. Rxd8 Kxd8 29. b4 Ng8 30. Nb3 Ne7 31. a4 b6 32. a5 Kc7 33. axb6+ Kxb6 34. Ke3 Bd7 35. Kd4 Bc8 36. Bd3 Ng8 37. Nc5 Ne7 38. Ne4 h5 39. Nd6 hxg4 40. hxg4 Bd7 41. Nxf7 a5 42. bxa5+ Kc7 43. a6 Kb6 44. a7 Kxa7 45. Kc5 Nc8 46. Bxg6 Kb7 47. f5 Kc7 48. Nd6 Nb6 49. f6 Na4+ 50. Kd4 c5+ 51. Kd3 Kd8 52. g5 Nb2+ 53. Kc2 Na4 54. Be4 Nb6 55. g6 Bc6 56. g7 Bxe4+ 57. Nxe4 Nxc4 58. g8=Q+ Kc7 59. Qf7+ Kc6 60. Qxe6+ Kb5 61. Nc3+ Kb4 62. Na2+ Kb5 63. Qd7+ Kb6 64. e6 Ne3+ 65. Kd3 Nf5 66. e7 c4+ 67. Kxc4 Ne3+ 68. Kd3 Nd1 69. Qe6+ 1-0


[Site "https://www.chess.com"]

[Event "Titled Tuesday Blitz August 08 Early 2023"]
[White "Gavilan Diaz, Mario"]
[Black "Fernandez Siles, Luis"]
[WhiteFideId "2260905"]
[BlackFideId "2209420"]
[WhiteElo "2481"]
[BlackElo "2329"]
[Result "1-0"]
[Round "11"]
[TimeControl "180+1"]
[Date "2023.08.08"]
[WhiteClock "0:01:25"]
[BlackClock "0:00:33"]
[Board "101"]

1. d4 Nf6 2. Nc3 d5 3. Bf4 c5 4. e3 a6 5. Nf3 Nc6 6. Be2 Bg4 7. h3 Bxf3 8. Bxf3 e6 9. O-O Be7 10. dxc5 O-O 11. e4 dxe4 12. Nxe4 Nxe4 13. Bxe4 Qxd1 14. Raxd1 Bxc5 15. Rd7 Ra7 16. Rfd1 f5 17. Bf3 Rf7 18. c3 a5 19. a4 h6 20. h4 Rxd7 21. Rxd7 b6 22. Bxc6 1-0


[Site "https://www.chess.com"]

[Event "Titled Tuesday Blitz August 08 Early 2023"]
[White "Nguyen Hong Nhung"]
[Black "Doluhanova, Evgeniya"]
[WhiteFideId "12412201"]
[BlackFideId "14112035"]
[WhiteElo "2481"]
[BlackElo "2332"]
[Result "1-0"]
[Round "11"]
[TimeControl "180+1"]
[Date "2023.08.08"]
[WhiteClock "0:01:06"]
[BlackClock "0:00:06"]
[Board "102"]

1. e4 c5 2. Nc3 g6 3. f4 Bg7 4. Nf3 d6 5. Bc4 Nc6 6. O-O e6 7. d3 a6 8. a4 Nge7 9. Qe1 Bd7 10. Bd2 Nd4 11. Nxd4 cxd4 12. Ne2 b5 13. axb5 axb5 14. Rxa8 Qxa8 15. Bb3 O-O 16. Qh4 Nc6 17. Qg3 Qb7 18. f5 exf5 19. exf5 Be5 20. Bf4 Kg7 21. Bxe5+ Nxe5 22. f6+ Kh8 23. Qf4 Bg4 24. Nxd4 Qd7 25. h3 Be6 26. Qh6 Rg8 27. Bxe6 fxe6 28. Nf3 Nxf3+ 29. Rxf3 Qf7 30. Qf4 e5 31. Qb4 Qa7+ 32. Kh2 Qd7 33. Qe4 Rf8 34. Qd5 Rf7 35. c4 bxc4 36. dxc4 h5 37. b4 Qc7 38. b5 Kh7 39. b6 Qb7 40. Qxb7 Rxb7 41. f7 1-0


[Site "https://www.chess.com"]

[Event "Titled Tuesday Blitz August 08 Early 2023"]
[White "Ljukin, Sergei"]
[Black "Fominykh, Maria"]
[WhiteFideId "14102200"]
[BlackFideId "4142411"]
[WhiteElo "2475"]
[BlackElo "2314"]
[Result "1-0"]
[Round "11"]
[TimeControl "180+1"]
[Date "2023.08.08"]
[WhiteClock "0:00:56"]
[BlackClock "0:00:00"]
[Board "103"]

1. e4 e6 2. d4 d5 3. Nc3 Bb4 4. e5 c5 5. a3 Bxc3+ 6. bxc3 Ne7 7. h4 Qc7 8. h5 cxd4 9. cxd4 Qc3+ 10. Bd2 Qxd4 11. Nf3 Qe4+ 12. Be2 Nbc6 13. Rh4 O-O 14. Rxe4 dxe4 15. Ng5 Nxe5 16. Nxe4 Rd8 17. Qc1 f5 18. Bg5 fxe4 19. Bxe7 Rd7 20. Bb4 Nc6 21. h6 Nd4 22. Bc3 Nxe2 23. Kxe2 b6 24. Bxg7 Ba6+ 25. Ke1 Rad8 26. Qg5 Kf7 27. Qf4+ Kg8 28. Bc3 1-0


[Site "https://www.chess.com"]

[Event "Titled Tuesday Blitz August 08 Early 2023"]
[White "Putri, Regita Desyari"]
[Black "Kukreja Sankalp"]
[WhiteFideId "7109083"]
[BlackFideId "45027676"]
[WhiteElo "2195"]
[BlackElo "2438"]
[Result "0-1"]
[Round "11"]
[TimeControl "180+1"]
[Date "2023.08.08"]
[WhiteClock "0:00:10"]
[BlackClock "0:00:16"]
[Board "104"]

1. e4 c5 2. Nf3 g6 3. c4 Bg7 4. Nc3 Nc6 5. d3 d6 6. Be2 e5 7. O-O Nge7 8. Rb1 O-O 9. a3 a5 10. Be3 f5 11. Bg5 h6 12. Bxe7 Nxe7 13. b4 axb4 14. axb4 Ra3 15. Nb5 Ra8 16. Qb3 b6 17. Ra1 Rxa1 18. Rxa1 Nc6 19. bxc5 bxc5 20. Bf1 Qb6 21. Qa2 Nb4 22. Qa7 Qxa7 23. Rxa7 fxe4 24. dxe4 Bg4 25. Nd2 Rf6 26. f3 Be6 27. Nb3 Bf8 28. Na5 Nc2 29. Kf2 Nd4 30. Ra8 Kg7 31. Nc7 Bf7 32. Nb7 g5 33. h3 h5 34. Nd8 g4 35. hxg4 hxg4 36. Be2 gxf3 37. gxf3 Bh5 38. Nd5 Rh6 39. Ra7+ Kg8 40. Ra8 Rg6 41. Ke3 Rg2 42. Nc3 Rg3 43. Kf2 Rh3 44. Nb7 Nxe2 45. Nxe2 Rxf3+ 46. Ke1 Re3 47. Nxd6 Rxe2+ 48. Kf1 Rd2 49. Nf5 Bg6 50. Ne7+ Kg7 51. Nxg6 Kxg6 52. Rxf8 Rd4 53. Rc8 Rxc4 54. Rc6+ Kg5 55. Ke2 Kf4 56. Kd3 Rc1 57. Rc8 Rd1+ 58. Kc4 Kxe4 59. Ra8 Rc1+ 60. Kb3 Kd4 61. Ra4+ c4+ 62. Kb2 Rc3 63. Ra8 Rb3+ 64. Kc2 e4 65. Rd8+ Ke3 66. Rc8 Rb4 67. Kc3 Ra4 68. Kc2 Kd4 69. Rh8 Ra2+ 70. Kc1 Rg2 71. Rd8+ Kc3 72. Rd1 Ra2 73. Rd8 Ra1# 0-1


[Site "https://www.chess.com"]

[Event "Titled Tuesday Blitz August 08 Early 2023"]
[White "Swicarz, Maciej"]
[Black "Gamayev, Oleg"]
[WhiteFideId "1113585"]
[BlackFideId "2802813"]
[WhiteElo "2425"]
[BlackElo "2593"]
[Result "1-0"]
[Round "11"]
[TimeControl "180+1"]
[Date "2023.08.08"]
[WhiteClock "0:01:10"]
[BlackClock "0:02:08"]
[Board "105"]

1. c4 d6 2. Nc3 Nf6 3. g3 e5 4. Bg2 c6 5. d3 a5 6. Rb1 Be7 7. a3 O-O 8. b4 axb4 9. axb4 Nbd7 10. e3 Qc7 11. Nge2 h6 12. O-O Rd8 13. b5 Nc5 14. d4 Ncd7 15. Qb3 exd4 16. exd4 Nf8 17. Nf4 Bf5 18. Rb2 Ng6 19. bxc6 bxc6 20. Qb7 Ra7 21. Qxc7 Rxc7 22. Rb6 Rdc8 23. Rd1 Nd7 24. Ra6 Bg5 25. Nxg6 Bxg6 26. Bxg5 hxg5 27. Bh3 f5 28. Bg2 Nf6 29. Na4 Bf7 30. c5 dxc5 31. dxc5 Bd5 32. Nb6 Bxg2 33. Nxc8 Bd5 34. Nb6 g4 35. Nxd5 Nxd5 36. Re1 Kf7 37. Rea1 g6 38. Ra7 Ke7 39. Rxc7+ Nxc7 40. Ra7 Kd7 41. Kf1 g5 42. Ke2 f4 43. Kd3 Kc8 44. Ke4 fxg3 45. fxg3 Ne6 46. Ra5 Kd7 47. Kf5 Nd4+ 48. Kxg4 Nb3 49. Ra7+ Ke6 50. Kxg5 Nxc5 51. h4 Ne4+ 52. Kf4 Nf6 53. g4 Nd5+ 54. Kg5 c5 55. Ra5 c4 56. Rc5 c3 57. h5 Kd6 58. Rc4 Ke5 59. h6 Nf6 60. Rxc3 Ne4+ 61. Kg6 Nxc3 62. h7 1-0


[Site "https://www.chess.com"]

[Event "Titled Tuesday Blitz August 08 Early 2023"]
[White "Psychonerd5"]
[Black "Zarnicki, Pablo"]
[BlackFideId "100137"]
[WhiteElo "2420"]
[BlackElo "2593"]
[Result "1/2-1/2"]
[Round "11"]
[TimeControl "180+1"]
[Date "2023.08.08"]
[WhiteClock "0:00:52"]
[BlackClock "0:01:52"]
[Board "106"]

1. c4 Nf6 2. g3 g6 3. Bg2 Bg7 4. Nc3 O-O 5. e4 d6 6. Nge2 c5 7. O-O Nc6 8. d3 Ne8 9. Be3 Nd4 10. Rb1 Nc7 11. a3 a5 12. b4 axb4 13. axb4 Nce6 14. f4 Nxe2+ 15. Nxe2 Nd4 16. Nxd4 cxd4 17. Bf2 f5 18. Ra1 Bd7 19. Qb3 Kh8 20. exf5 Bxf5 21. Bxb7 Rb8 22. Bg2 e5 23. fxe5 dxe5 24. b5 Qd7 25. Rab1 Bh3 26. c5 Bxg2 27. Kxg2 Rbd8 28. c6 Qg4 29. c7 Rde8 30. Qd5 e4 31. Bxd4 Qe2+ 32. Kg1 exd3 33. Rxf8+ Rxf8 34. Bxg7+ Kxg7 35. Qd7+ Kh6 36. c8=Q Qf2+ 37. Kh1 Qf3+ 38. Kg1 Qf2+ 39. Kh1 Qf3+ 40. Kg1 Qf2+ 1/2-1/2


[Site "https://www.chess.com"]

[Event "Titled Tuesday Blitz August 08 Early 2023"]
[White "Santos Flores, Alberto"]
[Black "Vifleemskaia, Svetlana"]
[WhiteFideId "3601234"]
[BlackFideId "4129490"]
[WhiteElo "2549"]
[BlackElo "2389"]
[Result "1-0"]
[Round "11"]
[TimeControl "180+1"]
[Date "2023.08.08"]
[WhiteClock "0:00:30"]
[BlackClock "0:00:00"]
[Board "107"]

1. e4 e5 2. Nf3 Nc6 3. Bc4 Nf6 4. d3 Be7 5. O-O O-O 6. Re1 d5 7. exd5 Nxd5 8. Nxe5 Nxe5 9. Rxe5 Nb6 10. Bb3 Bd6 11. Re1 Qh4 12. g3 Qh3 13. Qf3 c6 14. Bf4 Bg4 15. Qg2 Bxf4 16. Qxh3 Bxh3 17. gxf4 a5 18. a3 a4 19. Ba2 Rad8 20. Nc3 Rd6 21. Re3 Bd7 22. Ne4 Rg6+ 23. Rg3 Bf5 24. Re1 Rd8 25. Rxg6 hxg6 26. Ng5 Nd5 27. Bxd5 cxd5 28. Re7 f6 29. Nf3 Bd7 30. Nd4 Kf8 31. Re1 Kf7 32. Kg2 Rc8 33. h4 Rh8 34. Kg3 Ra8 35. Rh1 Rh8 36. Ne2 Rc8 37. Nd4 Rh8 38. Rc1 Rc8 39. Ne2 Rc6 40. Nc3 Rb6 41. Rb1 Be6 42. d4 Ra6 43. Rh1 b6 44. h5 g5 45. fxg5 fxg5 46. h6 gxh6 47. Rxh6 Bf5 48. Nxd5 Bxc2 49. Rxb6 Ra5 50. Nc3 Rf5 51. Rb5 1-0


[Site "https://www.chess.com"]

[Event "Titled Tuesday Blitz August 08 Early 2023"]
[White "Herman, Daniel"]
[Black "LeoLV10"]
[WhiteFideId "30935008"]
[WhiteElo "2410"]
[BlackElo "2520"]
[Result "0-1"]
[Round "11"]
[TimeControl "180+1"]
[Date "2023.08.08"]
[WhiteClock "0:01:15"]
[BlackClock "0:01:38"]
[Board "108"]

1. e4 c5 2. d4 cxd4 3. c3 dxc3 4. Nxc3 e6 5. Nf3 Nc6 6. Bc4 Bb4 7. O-O Nge7 8. Bg5 O-O 9. Nb5 h6 10. Bh4 a6 11. Nd6 Qc7 12. Bg3 Qd8 13. Rc1 b5 14. Bb3 Ng6 15. Qe2 e5 16. Rfd1 Qe7 17. h4 Bxd6 18. h5 Nf4 19. Bxf4 exf4 20. Bd5 Bb7 21. e5 Bc7 22. Qe4 Rfe8 23. Qxf4 Rac8 24. Re1 Nxe5 25. Bxb7 Nxf3+ 26. gxf3 Bxf4 27. Bxc8 Qxe1+ 28. Rxe1 Rxe1+ 29. Kg2 Re2 0-1


[Site "https://www.chess.com"]